 Dungeon Sprint DCSS version 0.18-a0-33-g9e10395 (console) character file.

30246 Kellhus the Protected (level 12, 0/118 HPs)
             Began as a Demigod Fighter on Nov 5, 2015.
             Succumbed to a wolf spider's poison
             ... in the Dungeon (Sprint IX: "|||||||||||||||||||||||||||||").
             The game lasted 00:13:02 (6492 turns).

Kellhus the Protected (Demigod Fighter)             Turns: 6492, Time: 00:13:02

Health: 0/118      AC: -22   Str: 19    XL:     12   Next: 89%
Magic:  15/15      EV: 24    Int: 12    God:
Gold:   1758       SH: 15    Dex: 26    Spells: 0 memorised, 11 levels left

rFire  + + .     SeeInvis .     a - +2 scimitar "Tueluowki" {freeze, rC+}
rCold  . . .     Clarity  .     Q - +5 fire dragon armour
rNeg   . . .     SustAt   +     c - +0 shield
rPois  .         Gourm    .     G - +0 helmet
rElec  .         Spirit   .     R - +1 cloak
rCorr  .         Warding  .     S - +1 pair of gloves
rMut   .         NoTele   +     I - +0 pair of boots
MR     +....                    (no amulet)
Stlth  ..........               u - +2 ring of protection
                                t - +3 ring of dexterity

@: lethally poisoned (0 -> -16), corroded equipment, somewhat resistant to
hostile enchantments, extremely unstealthy
A: high mp 1, sustain attributes
a: no special abilities


You were in the Dungeon.
You were not hungry.

You visited 1 branch You collected 1911 gold pieces.
You spent 153 gold pieces at shops.

Inventory:

Hand Weapons
 a - the +2 scimitar "Tueluowki" (weapon) {freeze, rC+}
   (You found it in the Dungeon)

   It has been specially enchanted to freeze those struck by it, causing extra
   injury to most foes and up to half again as much damage against particularly
   susceptible opponents.
   It can also slow down cold-blooded creatures.
   It protects you from cold.
 p - a +0 long sword
 q - the +2 morningstar of the Beds {drain, +Rage MR+ Str+7}
   (You found it in the Dungeon)

   A truly terrible weapon, it drains the life of those it strikes.
   It affects your strength (+7).
   It affects your resistance to hostile enchantments.
   It lets you go berserk.
 N - the +7 halberd "Asacuih" {antimagic, *Contam rN+ Int+2 Dex+3}
   (You found it in the Dungeon)

   It disrupts the flow of magical energy around spellcasters and certain
   magical creatures (including the wielder).
   It affects your intelligence (+2).
   It affects your dexterity (+3).
   It protects you from negative energy.
   It causes magical contamination when unequipped.
 U - a +3 great sword of freezing
Missiles
 V - 4 curare-tipped needles
Armour
 c - a +0 shield (worn)
 v - a +2 ring mail
 G - a +0 helmet (worn)
 I - a +0 pair of boots (worn)
 Q - a +5 fire dragon armour (worn)
 R - a +1 cloak (worn)
 S - a +1 pair of gloves (worn)
Jewellery
 t - a +3 ring of dexterity (left hand)
 u - a +2 ring of protection (right hand)
 L - an uncursed ring of protection from magic
 M - an uncursed ring of ice
 T - an uncursed ring of see invisible
Wands
 o - a wand of fire (0)
Scrolls
 k - 3 scrolls of blinking
 m - 2 scrolls of remove curse
 n - 3 scrolls of amnesia
 y - 2 scrolls of fog
 B - a scroll of recharging
 C - 2 scrolls of enchant weapon
 J - a scroll of magic mapping
 P - a scroll of identify
Potions
 d - a potion of might
 f - 6 potions of curing
 g - 4 potions of heal wounds
 i - 4 potions of magic
 w - 2 potions of brilliance
 K - a potion of flight {unknown}
 O - a potion of haste
Comestibles
 e - 11 bread rations
 E - 40 fruits
 F - 11 meat rations


   Skills:
 + Level 14.7 Fighting
 - Level 14.0 Long Blades
 + Level 14.8 Armour
 + Level 14.5 Dodging
 + Level 14.8 Shields


You had 11 spell levels left.
You didn't know any spells.

Dungeon Overview and Level Annotations

Branches:
Dungeon (1/1)

Shops:
D *%(%


Innate Abilities, Weirdness & Mutations

You have an increased reservoir of magic (+10% MP).
Your attributes are resistant to harm.


Message History

* * * LOW HITPOINT WARNING * * *
You feel very sick.
* * * LOW HITPOINT WARNING * * *
You feel very sick.
The entropy weaver begins to chant a word of entropy!
You block the wolf spider's attack. x2
Things that are here:
an uncursed spear; an uncursed blowgun
* * * LOW HITPOINT WARNING * * *
You feel sick.
* * * LOW HITPOINT WARNING * * *
You feel very sick. The wolf spider completely misses you.
The wolf spider misses you.
* * * LOW HITPOINT WARNING * * *
You feel sick.
* * * LOW HITPOINT WARNING * * *
You feel sick.
* * * LOW HITPOINT WARNING * * *
You feel sick. The wolf spider closely misses you. The wolf spider misses you.
You die...

,,,,,,,,,,,,,,,,,,,,,,,,,,,,,,,,,
*********************************
,+,,,,,,,,,,,,,,,,,,,,,,,,,,,,,,,
*********************************
,,,,,,,,,,,,,,,,,,,,,,,,,,,,,,,,,
*********************************
,,,,,,+,,,,,,,,,,,,,,,,,,+,,,,,,,
*********************************
,,,,,,,,,,,,,,,,,,,,,,,,,,,,,,,,,
▓▓▓▓▓▓▓▓▓▓▓▓▓▓▓▓▓▓▓▓▓▓▓▓♣♣♣♣♣♣♣♣♣
....)..(.(.((.'.@.ss..).'..ps....
▓▓▓▓▓▓▓▓▓▓▓▓▓▓▓▓▓▓▓▓▓▓▓▓♣♣♣♣♣♣♣♣♣
)................................
▓▓▓▓▓▓▓▓▓▓▓▓▓▓▓▓▓▓▓▓▓▓▓▓▓▓▓▓▓▓▓▓▓
.=..).)))))).[[[[[........((((.'(
▓▓▓▓▓▓▓▓▓▓▓▓▓▓▓▓▓▓▓▓▓▓▓▓▓▓▓▓▓▓▓▓▓
.................................
▓▓▓▓▓▓▓▓▓▓▓▓▓▓▓▓▓▓▓▓▓▓▓▓▓▓▓▓▓▓▓▓▓
..)))))))))))..)'.)..)....)..'...
▓▓▓▓▓▓▓▓▓▓▓▓▓▓▓▓▓▓▓▓▓▓▓▓▓▓▓▓▓▓▓▓▓
...)....()(......................


You could see a wolf spider and a redback.

Vanquished Creatures
  A sphinx (D)
  2 stone giants (D)
  2 merfolk javelineers (D)
  3 ettins (D)
  A merfolk impaler (D)
  A naga warrior (D)
  2 centaur warriors (D)
  An alligator (D)
  An ogre mage (D)
  Urug (D)
  A shock serpent (D)
  A sea snake (D)
  2 shambling mangroves (D)
  A hill giant (D)
  10 orc knights (D)
  A mana viper (D)
  2 harpies (D)
  A hornet (D)
  A griffon (D)
  A manticore (D)
  3 spiny frogs (D)
  3 black mambas (D)
  A freezing wraith (D)
  A merfolk (D)
  A troll (D)
  A slime creature (D)
  A bog body (D)
  A water elemental (D)
  2 deep elf magi (D)
  2 tarantellas (D)
  2 wyverns (D)
  A yak (D)
  A spriggan (D)
  A vampire mosquito (D)
  2 water moccasins (D)
  3 wargs (D)
  5 wolves (D)
  3 nagas (D)
  12 orc warriors (D)
  5 wasps (D)
  3 porcupines (D)
  2 black bears (D)
  A big kobold (D)
  2 crocodiles (D)
  5 giant frogs (D)
  2 wights (D)
  2 crimson imps (D)
  An iguana (D)
  6 orc wizards (D)
  3 orc priests (D)
  A sheep (D)
  3 river rats (D)
  2 adder zombies (D)
  6 orcs (D)
  A bat (D)
  A bat skeleton (D)
  2 giant cockroaches (D)
  A quokka (D)
  A ball python (D)
  A bat simulacrum (D)
  A giant newt (D)
  A rat (D)
135 creatures vanquished.

Notes
Turn   | Place    | Note
--------------------------------------------------------------
     0 | D        | Kellhus the Demigod Fighter began the quest for the Orb.
     0 | D        | Reached XP level 1. HP: 18/18 MP: 3/3
    11 | D        | Reached skill level 3 in Long Blades
    21 | D        | Noticed a crimson imp
    21 | D        | Noticed an iguana
    24 | D        | Killed a crimson imp
    24 | D        | Reached skill level 6 in Long Blades
    24 | D        | Reached XP level 2. HP: 25/25 MP: 4/4
    24 | D        | Reached XP level 3. HP: 30/30 MP: 5/5
    29 | D        | Reached skill level 7 in Long Blades
    86 | D        | Found a glowing silver altar of Zin.
    86 | D        | Found a glowing golden altar of the Shining One.
    86 | D        | Found an ancient bone altar of Kikubaaqudgha.
    86 | D        | Found a basalt altar of Yredelemnul.
    86 | D        | Found a shimmering altar of Xom.
    86 | D        | Found a radiant altar of Vehumet.
    87 | D        | Found an iron altar of Okawaru.
    88 | D        | Found a burning altar of Makhleb.
    89 | D        | Found a deep blue altar of Sif Muna.
    90 | D        | Found a bloodstained altar of Trog.
    91 | D        | Found a sparkling altar of Nemelex Xobeh.
    92 | D        | Found a white marble altar of Elyvilon.
    93 | D        | Found a roughly hewn altar of Beogh.
    94 | D        | Found a viscous altar of Jiyva.
    95 | D        | Found a corrupted altar of Lugonu.
    96 | D        | Found a blossoming altar of Fedhas.
    97 | D        | Found a snail-covered altar of Cheibriados.
    98 | D        | Found a shadowy altar of Dithmenos.
    99 | D        | Found a stormy altar of Qazlal.
   100 | D        | Found an opulent altar of Gozag.
   101 | D        | Found a sacrificial altar of Ru.
   118 | D        | Got the +2 scimitar "Tueluowki" {freeze, rC+}
   118 | D        | Got the +2 morningstar of the Beds {drain, +Rage MR+ Str+7}
   170 | D        | Noticed a black bear
   170 | D        | Noticed a black bear
   170 | D        | Noticed a wyvern
   175 | D        | Killed a black bear
   175 | D        | Reached skill level 9 in Long Blades
   175 | D        | Reached XP level 4. HP: 37/37 MP: 6/6
   181 | D        | Killed a black bear
   181 | D        | Reached skill level 11 in Long Blades
   181 | D        | Reached XP level 5. HP: 38/42 MP: 7/7
   190 | D        | Killed a wyvern
   190 | D        | Reached skill level 12 in Long Blades
   190 | D        | Reached XP level 6. HP: 45/50 MP: 8/8
   194 | D        | Reached skill level 13 in Long Blades
   238 | D        | Noticed a wyvern
   238 | D        | Noticed a hill giant
   238 | D        | Noticed a deep elf mage
   240 | D        | Killed a wyvern
   240 | D        | Reached XP level 7. HP: 43/57 MP: 9/9
   246 | D        | Killed a hill giant
   246 | D        | Reached skill level 5 in Fighting
   246 | D        | Reached skill level 5 in Armour
   246 | D        | Reached skill level 5 in Shields
   258 | D        | Reached XP level 8. HP: 28/68 MP: 10/10
   574 | D        | Noticed a spiny frog
   574 | D        | Noticed a spiny frog
   584 | D        | Killed a spiny frog
   584 | D        | Reached skill level 5 in Dodging
   587 | D        | Killed a spiny frog
   587 | D        | Reached skill level 14 in Long Blades
   599 | D        | Reached XP level 9. HP: 76/79 MP: 11/11
  1125 | D        | Noticed Urug
  1137 | D        | Killed Urug
  1230 | D        | Noticed an ettin
  1241 | D        | Killed an ettin
  1241 | D        | Reached XP level 10. HP: 71/91 MP: 13/13
  1673 | D        | Reached skill level 10 in Shields
  1696 | D        | Reached skill level 10 in Fighting
  1696 | D        | Reached skill level 10 in Armour
  1726 | D        | Found Lutuironoji's Assorted Antiques.
  1726 | D        | Noticed an orc knight
  1726 | D        | Noticed an orc knight
  1726 | D        | Noticed an orc knight
  1726 | D        | Noticed an orc knight
  1807 | D        | Killed an orc knight
  2129 | D        | Killed an orc knight
  2129 | D        | Reached skill level 10 in Dodging
  2336 | D        | Killed an orc knight
  2347 | D        | Killed an orc knight
  2479 | D        | Noticed an orc knight
  2495 | D        | Killed an orc knight
  2639 | D        | Found Modghu's Food Shoppe.
  2664 | D        | Found Itoxax's Weapon Emporium.
  2666 | D        | Noticed an orc knight
  2673 | D        | Noticed an orc knight
  2677 | D        | Noticed an orc knight
  2731 | D        | Killed an orc knight
  2731 | D        | Reached XP level 11. HP: 99/102 MP: 14/14
  2979 | D        | Found Zoenekih's Food Shoppe.
  3034 | D        | Bought a scroll labeled INIRGHEOLIKK for 26 gold pieces
  3034 | D        | Bought a scroll labeled INIRGHEOLIKK for 26 gold pieces
  3034 | D        | Bought a potion of curing for 78 gold pieces
  3034 | D        | Bought a sedimented golden potion for 23 gold pieces
  3156 | D        | Got the +7 halberd "Asacuih" {antimagic, *Contam rN+ Int+2 Dex+3}
  4045 | D        | Noticed a centaur warrior
  4068 | D        | Killed a centaur warrior
  4069 | D        | Noticed a centaur warrior
  4081 | D        | Noticed an ettin
  4086 | D        | Noticed an ogre mage
  4094 | D        | Noticed an ettin
  4096 | D        | Noticed a stone giant
  4104 | D        | Killed a centaur warrior
  4112 | D        | Killed an ettin
  4114 | D        | Noticed a stone giant
  4116 | D        | Noticed a sphinx
  4122 | D        | Killed a stone giant
  4130 | D        | Killed an ogre mage
  4261 | D        | Killed a stone giant
  4477 | D        | Killed an ettin
  4630 | D        | Paralysed by a sphinx for 7 turns
  4647 | D        | Paralysed by a sphinx for 2 turns
  4655 | D        | Killed a sphinx
  4655 | D        | Reached XP level 12. HP: 44/115 MP: 15/15
  5535 | D        | Noticed a merfolk javelineer
  5594 | D        | Killed a merfolk javelineer
  5772 | D        | Noticed a merfolk javelineer
  5782 | D        | Noticed a merfolk impaler
  5790 | D        | Killed a merfolk javelineer
  5806 | D        | Killed a merfolk impaler
  6451 | D        | Noticed an entropy weaver
  6460 | D        | Noticed an entropy weaver
  6468 | D        | Noticed an emperor scorpion
  6489 | D        | HP: 5/118 [poisoned by a wolf spider]
  6491 | D        | HP: 2/118 [poisoned by a wolf spider]
  6492 | D        | Succumbed to a wolf spider's poison

Vault maps used:
D:        linesprint

Action                   |  1- 3 |  4- 6 |  7- 9 | 10-12 || total
-------------------------+-------+-------+-------+-------++-------
Melee: Long sword        |    25 |       |       |       ||    25
       Scimitar          |     3 |    16 |   124 |   610 ||   753
Evoke: Wand              |       |     1 |     2 |     4 ||     7
  Use: Potion            |     2 |       |     2 |     6 ||    10
       Scroll            |       |       |       |     7 ||     7
 Stab: Sleeping          |     2 |       |       |       ||     2
       Invisible         |       |     4 |       |       ||     4
  Eat: Chunk             |       |       |     2 |     7 ||     9
       Bread ration      |       |       |       |     2 ||     2
       Meat ration       |       |       |       |     1 ||     1
